Blues vs Nordiques
Created - 30 septembre 2014 at 19:07
Goals
|
| Blues |
0 |
2 |
3 |
5 |
| Nordiques |
1 |
0 |
1 |
2 |
|
Shots
|
| Blues |
7 |
17 |
15 |
39 |
| Nordiques |
2 |
8 |
13 |
23 |
|
1st period
1. Nordiques , Patrik Elias 1 (Tyler Arnason, Miroslav Satan) at 19:16 (PP)
Penalties :
Marian Hossa (STL) for Roughing (Minor) at 0:15, Brian Lee (STL) for Holding (Minor) at 3:43, Paul Gaustad (Que) for Slashing (Minor) at 8:39, Dan Boyle (STL) for Tripping (Minor) at 17:29
2nd period
2. Blues , Kevin Shattenkirk 1 (Marian Hossa, Nik Antropov) at 1:06 (PP)
3. Blues , Marian Hossa 2 (Paul Kariya, Travis Zajac) at 19:32
Penalties :
Chris Pronger (Que) for High sticking (Minor) at 0:06, Dan Boyle (STL) for Tripping (Minor) at 8:53, Andrew Cogliano (STL) for Roughing (Minor) at 16:26
3rd period
4. Blues , Paul Kariya 6 (Travis Zajac, Marian Hossa) at 0:12
5. Nordiques , Patrik Elias 2 (Tyler Arnason) at 8:28
6. Blues , Andrew Cogliano 1 (Mikael Samuelsson, Marcel Hossa) at 9:22
7. Blues , Marian Hossa 3 (Nik Antropov, Paul Kariya) at 14:47 (PP)
Penalties :
Ryan Bayda (Que) for Hooking (Minor) at 2:09, Andrei Kostitsyn (Que) for Hooking (Minor) at 9:33, Miroslav Satan (Que) for Hooking (Minor) at 14:18
Goalie Stats
Cory Schneider (STL), 21 saves from 23 shots - (0,913), W, 1-0-0, 60:00 minutes
Mike Smith (Que), 34 saves from 39 shots - (0,872), L, 0-1-0, 60:00 minutes
Players Stats for Blues
Player Name G A P +/- PIM S H SB GA TA FO MP PP MP PK MP
------------------------------------------------------------------------------------
Andrew Cogliano 1 0 1 1 2 1 0 0 1 1 2/7 12:35 0:07 2:38
Brian Lee 0 0 0 0 2 1 0 0 0 1 0/0 20:33 2:35 4:49
Bryce Lampman 0 0 0 0 0 1 0 1 0 1 0/0 23:27 0:00 5:42
Dan Boyle 0 0 0 0 4 4 1 1 1 0 0/0 24:08 4:51 0:04
David Perron 0 0 0 0 0 1 3 1 1 0 0/0 15:06 2:58 1:04
Drew Fata 0 0 0 2 0 0 2 1 0 1 0/0 14:31 0:00 4:01
Joe Corvo 0 0 0 0 0 3 0 2 0 0 0/0 23:24 4:51 3:57
Kevin Porter 0 0 0 0 0 1 0 0 0 0 5/5 7:42 0:00 0:00
Kevin Shattenkirk 1 0 1 2 0 3 1 0 0 0 0/0 13:57 2:35 0:53
Marcel Hossa 0 1 1 1 0 3 4 0 0 1 0/0 9:49 0:00 0:00
Marian Hossa 2 2 4 1 2 4 4 0 1 0 0/3 21:05 4:21 2:29
Mikael Samuelsson 0 1 1 1 0 4 1 0 0 0 0/0 9:56 0:07 0:00
Nigel Dawes 0 0 0 0 0 1 0 0 0 0 0/0 7:42 0:00 0:00
Nik Antropov 0 2 2 0 0 1 3 0 0 1 15/21 20:40 4:21 5:22
Paul Kariya 1 2 3 1 0 3 1 0 0 0 3/4 18:42 4:28 0:00
Sergei Shirokov 0 0 0 0 0 1 2 0 0 1 0/2 19:19 2:58 5:18
T.J. Oshie 0 0 0 0 0 1 3 0 0 0 0/1 10:18 0:00 2:35
Travis Zajac 0 2 2 1 0 6 1 1 0 1 16/26 17:18 2:58 0:00
Players Stats for Nordiques
Player Name G A P +/- PIM S H SB GA TA FO MP PP MP PK MP
------------------------------------------------------------------------------------
Alexei Ponikarovsky 0 0 0 0 0 0 1 0 0 0 0/0 9:51 0:07 1:59
Andrei Kostitsyn 0 0 0 -2 2 3 1 0 2 0 0/3 22:59 4:56 3:26
Bryan McCabe 0 0 0 -2 0 0 2 2 1 2 0/0 28:57 4:37 4:48
Chris Pronger 0 0 0 -2 2 0 0 2 1 0 0/0 28:08 4:37 4:00
Colin Fraser 0 0 0 -1 0 0 0 0 0 0 1/2 13:56 0:05 3:09
Jonathan Matsumoto 0 0 0 0 0 0 1 0 0 0 3/5 8:11 0:00 0:21
Jordan Eberle 0 0 0 -2 0 2 0 0 0 0 1/3 18:31 4:56 0:00
Jordan Leopold 0 0 0 -1 0 1 0 2 0 0 0/0 22:09 5:06 2:38
Matt Ellison 0 0 0 0 0 0 0 0 0 0 0/0 7:52 0:07 0:00
Matt Smaby 0 0 0 -1 0 0 2 0 1 1 0/0 22:00 5:06 2:34
Mattias Weinhandl 0 0 0 -1 0 1 0 1 0 0 1/1 9:50 0:00 0:00
Miroslav Satan 0 1 1 1 2 1 1 0 1 0 0/0 15:56 4:40 0:39
Nick Schultz 0 0 0 1 0 0 0 0 0 1 0/0 8:54 0:00 0:00
Patrik Elias 2 0 2 1 0 6 2 0 1 0 0/0 15:56 4:40 0:33
Paul Gaustad 0 0 0 -2 2 3 1 1 0 0 16/45 21:58 4:58 3:18
Ryan Bayda 0 0 0 -1 2 5 0 0 1 0 0/0 10:40 0:00 0:00
Tyler Arnason 0 2 2 1 0 1 2 0 0 0 6/10 16:50 4:40 1:27
William Colbert 0 0 0 1 0 0 0 0 0 0 0/0 9:51 0:00 0:52
3 Stars
1 - Marian Hossa (STL)
2 - Patrik Elias (Que)
3 - Paul Kariya (STL)
Power Play
Blues - 2 on 5 Attempt(s) - 40,00%
Nordiques - 1 on 5 Attempt(s) - 20,00%
Penalty Kill
Blues - 4 on 5 Attempt(s) - 80,00%
- Score 0 goal in Penalty Kill
Nordiques - 3 on 5 Attempt(s) - 60,00%
- Score 0 goal in Penalty Kill
Official
Referees : Walsh Ian and Meier Brad
Linesman : Derek Nansen and Scott Driscoll
Game Notes
18:34 of 2nd period - Blues goal is going for a video replay. After video review, No Goal. The puck has deflected directly into the net off by an official.
Finance
Level 1 -- Attendance: 5435 (90,58%) -- Ticket Income 461 975 $
Level 2 -- Attendance: 4860 (97,20%) -- Ticket Income 243 000 $
Level 3 -- Attendance: 1354 (67,70%) -- Ticket Income 54 160 $
Level 4 -- Attendance: 2987 (74,68%) -- Ticket Income 74 675 $
Luxury Box -- Attendance: 1000 (100,00%) -- Ticket Income 145 000 $
Game was played at the Colisé Pepsi
Total Attendance: 15636 (86,87%)
Total Ticket Income: 978 810 $
Other Income: 146 822 $
Total Income: 1 125 632 $
Blues
5 vs 5 Forward
Center Left Wing Right Wing Time % Phy DF OF
1 Travis Zajac Paul Kariya Marian Hossa 40 1 2 2
2 Nik Antropov David Perron Sergei Shirokov 30 1 2 2
3 Andrew Cogliano Marcel Hossa Mikael Samuelsson 20 1 2 2
4 Kevin Porter Nigel Dawes T.J. Oshie 10 1 2 2
5 vs 5 Defense
Defense Defense Time % Phy DF OF
1 Dan Boyle Bryce Lampman 40 1 2 2
2 Joe Corvo Brian Lee 30 1 2 2
3 Drew Fata Kevin Shattenkirk 20 1 2 2
4 Dan Boyle Joe Corvo 10 1 2 2
PowerPlay Forward
Center Left Wing Right Wing Time % Phy DF OF
1 Nik Antropov Paul Kariya Marian Hossa 60 1 2 2
2 Travis Zajac David Perron Sergei Shirokov 40 1 2 2
PowerPlay Defense
Defense Defense Time % Phy DF OF
1 Dan Boyle Joe Corvo 60 1 2 2
2 Brian Lee Kevin Shattenkirk 40 1 2 2
Penalty Kill 4 Players Forward
Center Wing Time % Phy DF OF
1 Nik Antropov Sergei Shirokov 60 1 2 2
2 Andrew Cogliano Marian Hossa 40 1 2 2
Penalty Kill 4 Players Defense
Defense Defense Time % Phy DF OF
1 Bryce Lampman Brian Lee 60 1 2 2
2 Drew Fata Joe Corvo 40 1 2 2
Penalty Kill - 3 Players Forward
Forward Time % Phy DF OF
1 Nik Antropov 60 1 2 2
2 Paul Kariya 40 1 2 2
Penalty Kill - 3 Players Defense
Defense Defense Time % Phy DF OF
1 Bryce Lampman Kevin Shattenkirk 60 1 2 2
2 Dan Boyle Drew Fata 40 1 2 2
4 vs 4 Forward
Center Wing Time % Phy DF OF
1 Travis Zajac Paul Kariya 60 1 2 2
2 Nik Antropov Marian Hossa 40 1 2 2
4 vs 4 Defense
Defense Defense Time % Phy DF OF
1 Dan Boyle Bryce Lampman 60 1 2 2
2 Brian Lee Joe Corvo 40 1 2 2
Last Minutes Offensive
Center Left Wing Right Wing Defense Defense
Nik Antropov Paul Kariya Marian Hossa Dan Boyle Brian Lee
Last Minutes Defensive
Center Left Wing Right Wing Defense Defense
Nik Antropov Paul Kariya Marian Hossa Drew Fata Bryce Lampman
Goaltenders
Starting : Cory Schneider
Backup : Tuukka Rask
Extra Forwards
Normal : Andrew Cogliano, David Perron, Nigel Dawes - PP : Andrew Cogliano, David Perron - PK : T.J. Oshie
Extra Defensemen
Normal : Brian Lee, Kevin Shattenkirk, Bryce Lampman - PP : Brian Lee - PK : Kevin Shattenkirk, Bryce Lampman
Penalty Shots
David Perron, Sergei Shirokov, Marian Hossa, Nik Antropov, Paul Kariya
Nordiques
5 vs 5 Forward
Center Left Wing Right Wing Time % Phy DF OF
1 Paul Gaustad Andrei Kostitsyn Jordan Eberle 40 1 2 2
2 Tyler Arnason Patrik Elias Miroslav Satan 30 1 2 2
3 Colin Fraser Ryan Bayda Mattias Weinhandl 20 1 2 2
4 Jonathan Matsumoto Alexei Ponikarovsky Matt Ellison 10 1 2 2
5 vs 5 Defense
Defense Defense Time % Phy DF OF
1 Chris Pronger Bryan McCabe 40 1 2 2
2 Jordan Leopold Matt Smaby 30 1 2 2
3 Nick Schultz William Colbert 20 1 2 2
4 Chris Pronger Bryan McCabe 10 1 2 2
PowerPlay Forward
Center Left Wing Right Wing Time % Phy DF OF
1 Paul Gaustad Andrei Kostitsyn Jordan Eberle 60 1 2 2
2 Tyler Arnason Patrik Elias Miroslav Satan 40 1 2 2
PowerPlay Defense
Defense Defense Time % Phy DF OF
1 Chris Pronger Bryan McCabe 60 1 2 2
2 Jordan Leopold Matt Smaby 40 1 2 2
Penalty Kill 4 Players Forward
Center Wing Time % Phy DF OF
1 Paul Gaustad Andrei Kostitsyn 60 1 2 2
2 Colin Fraser Miroslav Satan 40 1 2 2
Penalty Kill 4 Players Defense
Defense Defense Time % Phy DF OF
1 Chris Pronger Bryan McCabe 60 1 2 2
2 Jordan Leopold Matt Smaby 40 1 2 2
Penalty Kill - 3 Players Forward
Forward Time % Phy DF OF
1 Paul Gaustad 60 1 2 2
2 Miroslav Satan 40 1 2 2
Penalty Kill - 3 Players Defense
Defense Defense Time % Phy DF OF
1 Chris Pronger Bryan McCabe 60 1 2 2
2 Jordan Leopold Matt Smaby 40 1 2 2
4 vs 4 Forward
Center Wing Time % Phy DF OF
1 Paul Gaustad Andrei Kostitsyn 60 1 2 2
2 Tyler Arnason Miroslav Satan 40 1 2 2
4 vs 4 Defense
Defense Defense Time % Phy DF OF
1 Chris Pronger Bryan McCabe 60 1 2 2
2 Jordan Leopold Matt Smaby 40 1 2 2
Last Minutes Offensive
Center Left Wing Right Wing Defense Defense
Paul Gaustad Andrei Kostitsyn Miroslav Satan Chris Pronger Bryan McCabe
Last Minutes Defensive
Center Left Wing Right Wing Defense Defense
Paul Gaustad Andrei Kostitsyn Miroslav Satan Chris Pronger Bryan McCabe
Goaltenders
Starting : Mike Smith
Backup : Jean-Sébastien Giguère
Extra Forwards
Normal : Patrik Elias, Miroslav Satan, Jordan Eberle - PP : Patrik Elias, Jordan Eberle - PK : Colin Fraser
Extra Defensemen
Normal : Nick Schultz, William Colbert, Jordan Leopold - PP : Nick Schultz - PK : William Colbert, Jordan Leopold
Penalty Shots
Andrei Kostitsyn, Paul Gaustad, Jordan Eberle, Patrik Elias, Miroslav Satan
% Time on Ice - Blues
Lines # - Real PCT - Wanted PCT - Time Play
Normal Forward
1 - 33% - 40% - 14:15
2 - 26% - 30% - 11:05
3 - 23% - 20% - 9:49
4 - 18% - 10% - 7:42
Normal Defense
1 - 42% - 40% - 17:51
2 - 31% - 30% - 13:16
3 - 24% - 20% - 10:13
4 - 4% - 10% - 1:31
PP Forward
1 - 60% - 60% - 4:28
2 - 40% - 40% - 2:58
PP Defense
1 - 65% - 60% - 4:51
2 - 35% - 40% - 2:35
PK Forward
1 - 65% - 60% - 6:19
2 - 35% - 40% - 3:24
PK Defense
1 - 59% - 60% - 5:46
2 - 41% - 40% - 3:57
PK3 Forward
1 - 0% - 60%
2 - 0% - 40%
PK3 Defense
1 - 0% - 60%
2 - 0% - 40%
44 Forward
1 - 0% - 60%
2 - 0% - 40%
44 Defense
1 - 0% - 60%
2 - 0% - 40%
Last Minute Offensive - 0:00
Last Minute Defensive - 0:00
Total
Forward - 60:00
Defense - 60:00
|
% Time on Ice - Nordiques
Lines # - Real PCT - Wanted PCT - Time Play
Normal Forward
1 - 34% - 40% - 14:40
2 - 25% - 30% - 10:38
3 - 23% - 20% - 9:50
4 - 18% - 10% - 7:43
Normal Defense
1 - 42% - 40% - 17:55
2 - 33% - 30% - 14:20
3 - 21% - 20% - 8:54
4 - 4% - 10% - 1:42
PP Forward
1 - 52% - 60% - 5:03
2 - 48% - 40% - 4:40
PP Defense
1 - 48% - 60% - 4:37
2 - 52% - 40% - 5:06
PK Forward
1 - 91% - 60% - 6:47
2 - 9% - 40% - 0:39
PK Defense
1 - 65% - 60% - 4:52
2 - 35% - 40% - 2:34
PK3 Forward
1 - 0% - 60%
2 - 0% - 40%
PK3 Defense
1 - 0% - 60%
2 - 0% - 40%
44 Forward
1 - 0% - 60%
2 - 0% - 40%
44 Defense
1 - 0% - 60%
2 - 0% - 40%
Last Minute Offensive - 0:00
Last Minute Defensive - 0:00
Total
Forward - 60:00
Defense - 60:00
|
Play by Play
1st period
0:01 of 1st period - Paul Gaustad wins face-off versus Travis Zajac in neutral zone.
0:08 of 1st period - Wrist shot by Andrei Kostitsyn.
0:08 of 1st period - Deflect By Paul Gaustad.
0:08 of 1st period - Shot Misses the Net.
0:08 of 1st period - Puck is out of play.
0:09 of 1st period - Paul Gaustad wins face-off versus Marian Hossa in Blues zone.
0:15 of 1st period - Minor Penalty to Marian Hossa for Roughing.
0:16 of 1st period - Nik Antropov wins face-off versus Paul Gaustad in Blues zone.
0:42 of 1st period - Brian Lee is hit by Patrik Elias and loses puck.
1:03 of 1st period - Wrist shot by T.J. Oshie.
1:03 of 1st period - Stopped by Mike Smith without a rebound.
1:04 of 1st period - Andrew Cogliano wins face-off versus Paul Gaustad in Nordiques zone.
1:31 of 1st period - Snap shot by Miroslav Satan.
1:31 of 1st period - Shot Misses the Net.
1:43 of 1st period - Nik Antropov is hit by Andrei Kostitsyn.
2:15 of 1st period - Penalty to Marian Hossa is over, Marian Hossa is back on ice.
2:42 of 1st period - Snap shot by Ryan Bayda.
2:42 of 1st period - Shot Misses the Net.
3:14 of 1st period - Miroslav Satan is hit by Mikael Samuelsson and loses puck.
3:35 of 1st period - Snap shot by Travis Zajac.
3:35 of 1st period - Stopped by Mike Smith without a rebound.
3:36 of 1st period - Paul Gaustad wins face-off versus Nik Antropov in Nordiques zone.
3:36 of 1st period - Paul Gaustad is hit by Nik Antropov.
3:43 of 1st period - Minor Penalty to Brian Lee for Holding.
3:44 of 1st period - Nik Antropov wins face-off versus Paul Gaustad in Blues zone.
5:43 of 1st period - Penalty to Brian Lee is over, Brian Lee is back on ice.
6:18 of 1st period - Snap shot by Dan Boyle.
6:18 of 1st period - Shot Blocked by Chris Pronger.
6:22 of 1st period - Slapshot by Dan Boyle.
6:22 of 1st period - Deflect By Kevin Porter.
6:22 of 1st period - Shot Blocked by Bryan McCabe.
6:22 of 1st period - Puck is out of play.
6:23 of 1st period - Kevin Porter wins face-off versus Jonathan Matsumoto in Nordiques zone.
7:33 of 1st period - Snap shot by Ryan Bayda.
7:33 of 1st period - Deflect By Mattias Weinhandl.
7:33 of 1st period - Deflect By Andrew Cogliano.
7:33 of 1st period - Stopped by Cory Schneider with a rebound.
7:39 of 1st period - Mattias Weinhandl is hit by Kevin Shattenkirk and loses puck.
7:59 of 1st period - Off-side.
8:00 of 1st period - Tyler Arnason wins face-off versus Travis Zajac in neutral zone.
8:11 of 1st period - Wrist shot by Tyler Arnason.
8:11 of 1st period - Shot Misses the Net.
8:13 of 1st period - Wrist shot by Patrik Elias.
8:13 of 1st period - Shot Misses the Net.
8:15 of 1st period - Slapshot by Bryan McCabe.
8:15 of 1st period - Shot Blocked by Joe Corvo.
8:25 of 1st period - Andrei Kostitsyn is hit by David Perron and loses puck.
8:39 of 1st period - Minor Penalty to Paul Gaustad for Slashing.
8:40 of 1st period - Colin Fraser wins face-off versus Nik Antropov in Nordiques zone.
8:50 of 1st period - Slapshot by Dan Boyle.
8:50 of 1st period - Stopped by Mike Smith without a rebound.
8:51 of 1st period - Nik Antropov wins face-off versus Andrei Kostitsyn in Nordiques zone.
9:02 of 1st period - Andrei Kostitsyn is hit by Paul Kariya and loses puck.
10:39 of 1st period - Penalty to Paul Gaustad is over, Paul Gaustad is back on ice.
11:11 of 1st period - Icing by Nick Schultz.
11:12 of 1st period - Kevin Porter wins face-off versus Colin Fraser in Nordiques zone.
11:13 of 1st period - Slapshot by Joe Corvo.
11:13 of 1st period - Shot Misses the Net.
11:17 of 1st period - Wrist shot by T.J. Oshie.
11:17 of 1st period - Shot Misses the Net.
12:52 of 1st period - Wrist shot by Marcel Hossa.
12:52 of 1st period - Stopped by Mike Smith with a rebound.
12:54 of 1st period - Slapshot by Joe Corvo.
12:54 of 1st period - Deflect By Andrew Cogliano.
12:54 of 1st period - Shot Misses the Net.
12:54 of 1st period - Puck is out of play.
12:55 of 1st period - Paul Kariya wins face-off versus Paul Gaustad in Nordiques zone.
12:56 of 1st period - Wrist shot by Marian Hossa.
12:56 of 1st period - Stopped by Mike Smith with a rebound.
13:08 of 1st period - Paul Gaustad is hit by Drew Fata and loses puck.
15:14 of 1st period - Ryan Bayda is hit by David Perron and loses puck.
15:23 of 1st period - Snap shot by David Perron.
15:23 of 1st period - Stopped by Mike Smith without a rebound.
15:24 of 1st period - Travis Zajac wins face-off versus Andrei Kostitsyn in Nordiques zone.
15:33 of 1st period - Wrist shot by Andrei Kostitsyn.
15:33 of 1st period - Shot Misses the Net.
15:49 of 1st period - Patrik Elias is hit by Nik Antropov and loses puck.
16:55 of 1st period - Bryce Lampman is hit by Jonathan Matsumoto and loses puck.
17:26 of 1st period - Snap shot by Jonathan Matsumoto.
17:26 of 1st period - Deflect By Sergei Shirokov.
17:26 of 1st period - Shot Misses the Net.
17:26 of 1st period - Puck is out of play.
17:27 of 1st period - Travis Zajac wins face-off versus Paul Gaustad in Blues zone.
17:29 of 1st period - Minor Penalty to Dan Boyle for Tripping.
17:30 of 1st period - Nik Antropov wins face-off versus Paul Gaustad in Blues zone.
17:38 of 1st period - Slapshot by Bryce Lampman.
17:38 of 1st period - Stopped by Mike Smith with a rebound.
17:40 of 1st period - Slapshot by Brian Lee.
17:40 of 1st period - Deflect By Sergei Shirokov.
17:40 of 1st period - Shot Blocked by Paul Gaustad.
17:40 of 1st period - Puck is out of play.
17:41 of 1st period - Jordan Eberle wins face-off versus Nik Antropov in Nordiques zone.
19:16 of 1st period - Snap shot by Patrik Elias.
19:16 of 1st period - Goal by Patrik Elias - Blues : 0 - Nordiques : 1.
19:17 of 1st period - Travis Zajac wins face-off versus Paul Gaustad in neutral zone.
19:25 of 1st period - Snap shot by Paul Gaustad.
19:25 of 1st period - Shot Misses the Net.
19:31 of 1st period - Slapshot by Andrei Kostitsyn.
19:31 of 1st period - Shot Blocked by Dan Boyle.
19:33 of 1st period - Slapshot by Chris Pronger.
19:33 of 1st period - Shot Misses the Net.
Goals for this period are 0 for Blues vs 1 for Nordiques.
Shots for this period are 7 for Blues vs 2 for Nordiques.
2nd period
0:01 of 2nd period - Travis Zajac wins face-off versus Paul Gaustad in neutral zone.
0:06 of 2nd period - Minor Penalty to Chris Pronger for High sticking.
0:07 of 2nd period - Paul Gaustad wins face-off versus Paul Kariya in Nordiques zone.
0:14 of 2nd period - Slapshot by Bryan McCabe.
0:14 of 2nd period - Deflect By Andrei Kostitsyn.
0:14 of 2nd period - Shot Blocked by Joe Corvo.
0:14 of 2nd period - Puck is out of play.
0:15 of 2nd period - Nik Antropov wins face-off versus Paul Gaustad in Blues zone.
0:54 of 2nd period - Snap shot by Sergei Shirokov.
0:54 of 2nd period - Deflect By Travis Zajac.
0:54 of 2nd period - Shot Hit the Post.
0:54 of 2nd period - Puck is out of play.
0:55 of 2nd period - Paul Gaustad wins face-off versus Nik Antropov in Nordiques zone.
1:06 of 2nd period - Slapshot by Kevin Shattenkirk.
1:06 of 2nd period - Goal by Kevin Shattenkirk - Blues : 1 - Nordiques : 1.
1:07 of 2nd period - Travis Zajac wins face-off versus Paul Gaustad in neutral zone.
1:34 of 2nd period - Dan Boyle is hit by Bryan McCabe and loses puck.
2:09 of 2nd period - Matt Smaby is hit by T.J. Oshie and loses puck.
2:40 of 2nd period - Jonathan Matsumoto is hit by Sergei Shirokov and loses puck.
3:03 of 2nd period - Joe Corvo is hit by Miroslav Satan and loses puck.
3:39 of 2nd period - Snap shot by T.J. Oshie.
3:39 of 2nd period - Shot Blocked by Jordan Leopold.
3:55 of 2nd period - Drew Fata is hit by Matt Smaby and loses puck.
4:16 of 2nd period - Paul Gaustad is hit by Drew Fata and loses puck.
4:21 of 2nd period - Snap shot by Paul Kariya.
4:21 of 2nd period - Stopped by Mike Smith with a rebound.
4:27 of 2nd period - Wrist shot by Paul Kariya.
4:27 of 2nd period - Deflect By Marian Hossa.
4:27 of 2nd period - Shot Blocked by Jordan Leopold.
4:27 of 2nd period - Puck is out of play.
4:28 of 2nd period - Nik Antropov wins face-off versus Tyler Arnason in Nordiques zone.
4:39 of 2nd period - Miroslav Satan is hit by David Perron and loses puck.
4:58 of 2nd period - Andrei Kostitsyn is hit by Marian Hossa and loses puck.
5:38 of 2nd period - Bryan McCabe is hit by Sergei Shirokov and loses puck.
6:38 of 2nd period - Slapshot by Dan Boyle.
6:38 of 2nd period - Shot Misses the Net.
6:40 of 2nd period - Snap shot by Dan Boyle.
6:40 of 2nd period - Stopped by Mike Smith with a rebound.
6:42 of 2nd period - Slapshot by Brian Lee.
6:42 of 2nd period - Stopped by Mike Smith without a rebound.
6:43 of 2nd period - Travis Zajac wins face-off versus Paul Gaustad in Nordiques zone.
7:46 of 2nd period - Off-side.
7:47 of 2nd period - Jonathan Matsumoto wins face-off versus Travis Zajac in neutral zone.
7:58 of 2nd period - Snap shot by Travis Zajac.
7:58 of 2nd period - Stopped by Mike Smith with a rebound.
8:00 of 2nd period - Wrist shot by Travis Zajac.
8:00 of 2nd period - Stopped by Mike Smith without a rebound.
8:01 of 2nd period - Paul Gaustad wins face-off versus Travis Zajac in Nordiques zone.
8:05 of 2nd period - Off-side.
8:06 of 2nd period - Paul Kariya wins face-off versus Jordan Eberle in neutral zone.
8:11 of 2nd period - Snap shot by Paul Gaustad.
8:11 of 2nd period - Stopped by Cory Schneider without a rebound.
8:12 of 2nd period - Travis Zajac wins face-off versus Paul Gaustad in Blues zone.
8:23 of 2nd period - Chris Pronger is hit by Marian Hossa and loses puck.
8:53 of 2nd period - Minor Penalty to Dan Boyle for Tripping.
8:54 of 2nd period - Nik Antropov wins face-off versus Andrei Kostitsyn in Blues zone.
9:02 of 2nd period - Slapshot by Jordan Leopold.
9:02 of 2nd period - Shot Misses the Net.
9:25 of 2nd period - Wrist shot by Andrei Kostitsyn.
9:25 of 2nd period - Stopped by Cory Schneider without a rebound.
9:26 of 2nd period - Tyler Arnason wins face-off versus Andrew Cogliano in Blues zone.
9:27 of 2nd period - Snap shot by Patrik Elias.
9:27 of 2nd period - Stopped by Cory Schneider with a rebound.
10:53 of 2nd period - Penalty to Dan Boyle is over, Dan Boyle is back on ice.
12:25 of 2nd period - Snap shot by Marian Hossa.
12:25 of 2nd period - Deflect By Travis Zajac.
12:25 of 2nd period - Stopped by Mike Smith with a rebound.
13:01 of 2nd period - Slapshot by Dan Boyle.
13:01 of 2nd period - Deflect By Mikael Samuelsson.
13:01 of 2nd period - Stopped by Mike Smith without a rebound.
13:02 of 2nd period - Jonathan Matsumoto wins face-off versus Andrew Cogliano in Nordiques zone.
13:09 of 2nd period - Snap shot by Marcel Hossa.
13:09 of 2nd period - Shot Misses the Net.
13:11 of 2nd period - Slapshot by Joe Corvo.
13:11 of 2nd period - Shot Misses the Net.
13:13 of 2nd period - Wrist shot by Joe Corvo.
13:13 of 2nd period - Stopped by Mike Smith with a rebound.
13:15 of 2nd period - Slapshot by Mikael Samuelsson.
13:15 of 2nd period - Stopped by Mike Smith without a rebound.
13:16 of 2nd period - Paul Gaustad wins face-off versus Marian Hossa in Nordiques zone.
13:25 of 2nd period - Joe Corvo is hit by Matt Smaby and loses puck.
14:24 of 2nd period - Matt Smaby is hit by T.J. Oshie.
14:48 of 2nd period - Jordan Eberle is hit by Marian Hossa and loses puck.
14:55 of 2nd period - Snap shot by Travis Zajac.
14:55 of 2nd period - Stopped by Mike Smith without a rebound.
14:56 of 2nd period - Travis Zajac wins face-off versus Paul Gaustad in Nordiques zone.
15:54 of 2nd period - Snap shot by Kevin Porter.
15:54 of 2nd period - Stopped by Mike Smith with a rebound.
15:56 of 2nd period - Slapshot by Dan Boyle.
15:56 of 2nd period - Stopped by Mike Smith with a rebound.
15:58 of 2nd period - Wrist shot by Kevin Porter.
15:58 of 2nd period - Shot Misses the Net.
16:26 of 2nd period - Minor Penalty to Andrew Cogliano for Roughing.
16:27 of 2nd period - Nik Antropov wins face-off versus Paul Gaustad in Blues zone.
16:38 of 2nd period - Slapshot by Andrei Kostitsyn.
16:38 of 2nd period - Deflect By Jordan Eberle.
16:38 of 2nd period - Stopped by Cory Schneider with a rebound.
16:40 of 2nd period - Snap shot by Paul Gaustad.
16:40 of 2nd period - Stopped by Cory Schneider with a rebound.
16:42 of 2nd period - Backhand shot by Jordan Leopold.
16:42 of 2nd period - Shot Blocked by Drew Fata.
17:00 of 2nd period - Drew Fata is hit by Tyler Arnason and loses puck.
17:28 of 2nd period - Icing by Andrei Kostitsyn.
17:29 of 2nd period - Nik Antropov wins face-off versus Paul Gaustad in Nordiques zone.
17:42 of 2nd period - Snap shot by Miroslav Satan.
17:42 of 2nd period - Deflect By Patrik Elias.
17:42 of 2nd period - Stopped by Cory Schneider without a rebound.
17:43 of 2nd period - Tyler Arnason wins face-off versus T.J. Oshie in Blues zone.
17:46 of 2nd period - Snap shot by Tyler Arnason.
17:46 of 2nd period - Stopped by Cory Schneider without a rebound.
17:47 of 2nd period - Nik Antropov wins face-off versus Paul Gaustad in Blues zone.
18:01 of 2nd period - Snap shot by Paul Gaustad.
18:01 of 2nd period - Shot Misses the Net.
18:03 of 2nd period - Wrist shot by Andrei Kostitsyn.
18:03 of 2nd period - Shot Misses the Net.
18:19 of 2nd period - Brian Lee is hit by Patrik Elias and loses puck.
18:26 of 2nd period - Penalty to Andrew Cogliano is over, Andrew Cogliano is back on ice.
18:32 of 2nd period - Snap shot by Marcel Hossa.
18:32 of 2nd period - Shot Misses the Net.
18:34 of 2nd period - Snap shot by Mikael Samuelsson.
18:34 of 2nd period - Blues goal is going for a video replay.
18:34 of 2nd period - The goal is refused. The puck has deflected directly into the net off by an official..
18:35 of 2nd period - Paul Gaustad wins face-off versus Andrew Cogliano in Nordiques zone.
19:00 of 2nd period - Nick Schultz is hit by Marcel Hossa and loses puck.
19:17 of 2nd period - William Colbert is hit by Marcel Hossa and loses puck.
19:22 of 2nd period - Wrist shot by Marcel Hossa.
19:22 of 2nd period - Stopped by Mike Smith with a rebound.
19:24 of 2nd period - Snap shot by Mikael Samuelsson.
19:24 of 2nd period - Stopped by Mike Smith without a rebound.
19:25 of 2nd period - Travis Zajac wins face-off versus Paul Gaustad in Nordiques zone.
19:32 of 2nd period - Wrist shot by Marian Hossa.
19:32 of 2nd period - Deflect By Andrei Kostitsyn.
19:32 of 2nd period - Goal by Marian Hossa - Blues : 2 - Nordiques : 1.
19:33 of 2nd period - Paul Gaustad wins face-off versus Marian Hossa in neutral zone.
19:46 of 2nd period - Wrist shot by Paul Gaustad.
19:46 of 2nd period - Stopped by Cory Schneider with a rebound.
Goals for this period are 2 for Blues vs 0 for Nordiques.
Shots for this period are 17 for Blues vs 8 for Nordiques.
3rd period
0:01 of 3rd period - Travis Zajac wins face-off versus Paul Gaustad in neutral zone.
0:12 of 3rd period - Wrist shot by Paul Kariya.
0:12 of 3rd period - Goal by Paul Kariya - Blues : 3 - Nordiques : 1.
0:13 of 3rd period - Travis Zajac wins face-off versus Paul Gaustad in neutral zone.
0:26 of 3rd period - Slapshot by Travis Zajac.
0:26 of 3rd period - Deflect By Paul Gaustad.
0:26 of 3rd period - Stopped by Mike Smith with a rebound.
0:28 of 3rd period - Snap shot by Marian Hossa.
0:28 of 3rd period - Deflect By Paul Kariya.
0:28 of 3rd period - Stopped by Mike Smith without a rebound.
0:29 of 3rd period - Nik Antropov wins face-off versus Tyler Arnason in Nordiques zone.
0:30 of 3rd period - Slapshot by Dan Boyle.
0:30 of 3rd period - Shot Blocked by Bryan McCabe.
0:32 of 3rd period - Snap shot by Sergei Shirokov.
0:32 of 3rd period - Stopped by Mike Smith without a rebound.
0:33 of 3rd period - Tyler Arnason wins face-off versus Sergei Shirokov in Nordiques zone.
0:44 of 3rd period - Wrist shot by Nik Antropov.
0:44 of 3rd period - Stopped by Mike Smith with a rebound.
1:47 of 3rd period - Wrist shot by Ryan Bayda.
1:47 of 3rd period - Stopped by Cory Schneider without a rebound.
1:48 of 3rd period - Mattias Weinhandl wins face-off versus Travis Zajac in Blues zone.
2:01 of 3rd period - Wrist shot by Travis Zajac.
2:01 of 3rd period - Shot Misses the Net.
2:03 of 3rd period - Slapshot by Brian Lee.
2:03 of 3rd period - Shot Blocked by Mattias Weinhandl.
2:09 of 3rd period - Minor Penalty to Ryan Bayda for Hooking.
2:10 of 3rd period - Paul Gaustad wins face-off versus Nik Antropov in Nordiques zone.
2:25 of 3rd period - Snap shot by Nik Antropov.
2:25 of 3rd period - Shot Misses the Net.
2:38 of 3rd period - Icing by Joe Corvo.
2:39 of 3rd period - Paul Gaustad wins face-off versus Travis Zajac in Blues zone.
2:40 of 3rd period - Wrist shot by Andrei Kostitsyn.
2:40 of 3rd period - Stopped by Cory Schneider with a rebound.
2:52 of 3rd period - Andrei Kostitsyn is hit by Marian Hossa and loses puck.
3:45 of 3rd period - Wrist shot by Joe Corvo.
3:45 of 3rd period - Stopped by Mike Smith with a rebound.
4:09 of 3rd period - Penalty to Ryan Bayda is over, Ryan Bayda is back on ice.
4:27 of 3rd period - Colin Fraser is hit by T.J. Oshie and loses puck.
4:38 of 3rd period - Andrei Kostitsyn is hit by Marcel Hossa and loses puck.
4:47 of 3rd period - Slapshot by Jordan Leopold.
4:47 of 3rd period - Stopped by Cory Schneider with a rebound.
4:53 of 3rd period - Slapshot by Ryan Bayda.
4:53 of 3rd period - Stopped by Cory Schneider with a rebound.
4:55 of 3rd period - Wrist shot by Ryan Bayda.
4:55 of 3rd period - Stopped by Cory Schneider with a rebound.
4:57 of 3rd period - Snap shot by Colin Fraser.
4:57 of 3rd period - Shot Misses the Net.
4:59 of 3rd period - Wrist shot by Ryan Bayda.
4:59 of 3rd period - Stopped by Cory Schneider without a rebound.
5:00 of 3rd period - Tyler Arnason wins face-off versus Travis Zajac in Blues zone.
5:03 of 3rd period - Slapshot by Patrik Elias.
5:03 of 3rd period - Stopped by Cory Schneider without a rebound.
5:04 of 3rd period - Travis Zajac wins face-off versus Tyler Arnason in Blues zone.
5:26 of 3rd period - Icing by William Colbert.
5:27 of 3rd period - Jonathan Matsumoto wins face-off versus Sergei Shirokov in Nordiques zone.
5:27 of 3rd period - Jonathan Matsumoto is hit by Dan Boyle.
5:57 of 3rd period - Slapshot by Miroslav Satan.
5:57 of 3rd period - Stopped by Cory Schneider with a rebound.
5:59 of 3rd period - Snap shot by Patrik Elias.
5:59 of 3rd period - Stopped by Cory Schneider with a rebound.
6:01 of 3rd period - Slapshot by Miroslav Satan.
6:01 of 3rd period - Deflect By Tyler Arnason.
6:01 of 3rd period - Shot Blocked by Bryce Lampman.
6:01 of 3rd period - Puck is out of play.
6:02 of 3rd period - Travis Zajac wins face-off versus Tyler Arnason in Blues zone.
6:29 of 3rd period - Paul Gaustad is hit by Marcel Hossa and loses puck.
7:50 of 3rd period - Icing by Matt Smaby.
7:51 of 3rd period - Paul Gaustad wins face-off versus Andrew Cogliano in Nordiques zone.
8:24 of 3rd period - Snap shot by Andrei Kostitsyn.
8:24 of 3rd period - Stopped by Cory Schneider with a rebound.
8:26 of 3rd period - Snap shot by Jordan Eberle.
8:26 of 3rd period - Stopped by Cory Schneider without a rebound.
8:27 of 3rd period - Tyler Arnason wins face-off versus Travis Zajac in Blues zone.
8:28 of 3rd period - Slapshot by Patrik Elias.
8:28 of 3rd period - Goal by Patrik Elias - Blues : 3 - Nordiques : 2.
8:29 of 3rd period - Travis Zajac wins face-off versus Jordan Eberle in neutral zone.
8:38 of 3rd period - Wrist shot by Jordan Eberle.
8:38 of 3rd period - Shot Blocked by Travis Zajac.
9:22 of 3rd period - Snap shot by Andrew Cogliano.
9:22 of 3rd period - Goal by Andrew Cogliano - Blues : 4 - Nordiques : 2.
9:23 of 3rd period - Travis Zajac wins face-off versus Paul Gaustad in neutral zone.
9:33 of 3rd period - Minor Penalty to Andrei Kostitsyn for Hooking.
9:34 of 3rd period - Nik Antropov wins face-off versus Paul Gaustad in Nordiques zone.
11:33 of 3rd period - Penalty to Andrei Kostitsyn is over, Andrei Kostitsyn is back on ice.
11:37 of 3rd period - Off-side.
11:38 of 3rd period - Kevin Porter wins face-off versus Paul Gaustad in neutral zone.
11:45 of 3rd period - Slapshot by Kevin Shattenkirk.
11:45 of 3rd period - Shot Misses the Net.
11:51 of 3rd period - Wrist shot by Kevin Shattenkirk.
11:51 of 3rd period - Stopped by Mike Smith without a rebound.
11:52 of 3rd period - Nik Antropov wins face-off versus Jonathan Matsumoto in Nordiques zone.
12:05 of 3rd period - Sergei Shirokov is hit by Alexei Ponikarovsky and loses puck.
12:16 of 3rd period - Paul Kariya is hit by Bryan McCabe and loses puck.
12:36 of 3rd period - Slapshot by Joe Corvo.
12:36 of 3rd period - Stopped by Mike Smith without a rebound.
12:37 of 3rd period - Paul Gaustad wins face-off versus Andrew Cogliano in Nordiques zone.
13:32 of 3rd period - Snap shot by Mattias Weinhandl.
13:32 of 3rd period - Shot Blocked by David Perron.
13:34 of 3rd period - Wrist shot by Ryan Bayda.
13:34 of 3rd period - Stopped by Cory Schneider without a rebound.
13:35 of 3rd period - Paul Gaustad wins face-off versus Travis Zajac in Blues zone.
13:46 of 3rd period - Wrist shot by Marian Hossa.
13:46 of 3rd period - Shot Misses the Net.
14:18 of 3rd period - Minor Penalty to Miroslav Satan for Hooking.
14:19 of 3rd period - Paul Gaustad wins face-off versus Nik Antropov in Nordiques zone.
14:33 of 3rd period - Wrist shot by Dan Boyle.
14:33 of 3rd period - Stopped by Mike Smith without a rebound.
14:34 of 3rd period - Nik Antropov wins face-off versus Paul Gaustad in Nordiques zone.
14:35 of 3rd period - Wrist shot by Marian Hossa.
14:35 of 3rd period - Stopped by Mike Smith without a rebound.
14:36 of 3rd period - Nik Antropov wins face-off versus Paul Gaustad in Nordiques zone.
14:47 of 3rd period - Slapshot by Marian Hossa.
14:47 of 3rd period - Goal by Marian Hossa - Blues : 5 - Nordiques : 2.
14:48 of 3rd period - Travis Zajac wins face-off versus Paul Gaustad in neutral zone.
15:14 of 3rd period - Bryan McCabe is hit by Nik Antropov and loses puck.
16:24 of 3rd period - Icing by Drew Fata.
16:25 of 3rd period - Kevin Porter wins face-off versus Paul Gaustad in Blues zone.
16:29 of 3rd period - Icing by Nigel Dawes.
16:30 of 3rd period - Kevin Porter wins face-off versus Paul Gaustad in Blues zone.
17:02 of 3rd period - Nigel Dawes is hit by Tyler Arnason and loses puck.
17:13 of 3rd period - Slapshot by Nigel Dawes.
17:13 of 3rd period - Shot Misses the Net.
17:21 of 3rd period - Wrist shot by Kevin Porter.
17:21 of 3rd period - Deflect By Nigel Dawes.
17:21 of 3rd period - Stopped by Mike Smith without a rebound.
17:22 of 3rd period - Paul Gaustad wins face-off versus Travis Zajac in Nordiques zone.
17:22 of 3rd period - Paul Gaustad is hit by Travis Zajac.
17:28 of 3rd period - Travis Zajac is hit by Paul Gaustad and loses puck.
19:15 of 3rd period - Slapshot by Drew Fata.
19:15 of 3rd period - Shot Blocked by Chris Pronger.
19:17 of 3rd period - Slapshot by Kevin Shattenkirk.
19:17 of 3rd period - Stopped by Mike Smith without a rebound.
19:18 of 3rd period - Andrew Cogliano wins face-off versus Paul Gaustad in Nordiques zone.
19:31 of 3rd period - Snap shot by Marcel Hossa.
19:31 of 3rd period - Shot Misses the Net.
19:54 of 3rd period - Snap shot by Marcel Hossa.
19:54 of 3rd period - Stopped by Mike Smith without a rebound.
19:55 of 3rd period - Paul Kariya wins face-off versus Paul Gaustad in Nordiques zone.
Goals for this period are 3 for Blues vs 1 for Nordiques.
Shots for this period are 15 for Blues vs 13 for Nordiques.
Output by the SimonT Hockey Simulator (STHS) for François Prévost -- Original Page W3C XHTML 1.0 Valid